 Dungeon Crawl Stone Soup version 0.22-a0-284-g99d1f74 (webtiles) character file.

1415 lilbarb the Poker (level 8, -1/75 HPs)
             Began as a Deep Dwarf Fighter on Mar 19, 2018.
             Was a Believer of Makhleb.
             Slain by grindst0ne's ghost (15 damage)
             ... on level 7 of the Dungeon on Mar 21, 2018.
             The game lasted 00:29:03 (4746 turns).

lilbarb the Poker (Deep Dwarf Fighter)              Turns: 4746, Time: 00:29:04

Health: -1/75      AC: 10    Str: 24    XL:     8   Next: 43%
Magic:  12/12      EV:  8    Int:  9    God:    Makhleb [**....]
Gold:   321        SH:  9    Dex: 12    Spells: 7/7 levels left

rFire    . . .     SeeInvis .   a - +0 trident
rCold    . . .     Gourm    .   c - +0 shield
rNeg     . . .     Faith    .   i - +4 ring mail
rPois    .         Spirit   .   (no helmet)
rElec    .         Reflect  .   j - +0 cloak
rCorr    .         Harm     .   (no gloves)
MR       +....                  (no boots)
Stlth    +.........             (no amulet)
HPRegen  0.00/turn              h - +2 ring of strength
MPRegen  0.13/turn              (no ring)

@: non-regenerating
A: damage resistance, heal wounds, sense surroundings 1, no regeneration
a: Heal Wounds, Minor Destruction, Renounce Religion


You were on level 7 of the Dungeon.
You worshipped Makhleb.
Makhleb was pleased with you.
You were not hungry.

You visited 1 branch of the dungeon, and saw 7 of its levels.

You collected 321 gold pieces.

Inventory:

Hand Weapons
 a - a +0 trident (weapon)
 s - a +2 halberd of protection
Missiles
 n - 12 tomahawks (quivered)
Armour
 c - a +0 shield (worn)
 i - a +4 ring mail (worn)
 j - a +0 cloak (worn)
 w - a +2 buckler of fire resistance
Jewellery
 h - a +2 ring of strength (left hand)
 q - an uncursed ring of positive energy {unknown}
Wands
 m - a wand of flame (16)
Scrolls
 b - 13 scrolls of identify
 e - 5 scrolls of teleportation {unknown}
 l - 3 scrolls of remove curse {unknown}
 p - a scroll of noise {unknown}
 t - 2 scrolls of blinking {unknown}
 u - a scroll of amnesia {unknown}
Potions
 g - a potion of heal wounds {unknown}
 k - 2 potions of curing
 o - a potion of lignification {unknown}
 r - a potion of flight {unknown}
 v - a potion of mutation {unknown}
 x - a potion of brilliance {unknown}
Comestibles
 d - 7 chunks of flesh
 f - 7 rations


   Skills:
 + Level 5.5 Fighting
 * Level 7.1 Polearms
 - Level 3.2 Armour
 - Level 3.2 Shields
 + Level 6.2 Invocations


You had 7 spell levels left.
You didn't know any spells.

Dungeon Overview and Level Annotations

Branches:
Dungeon (7/15)             Temple (0/1) D:4

Altars:
Ashenzari
Dithmenos
Kikubaaqudgha
Makhleb
Sif Muna
Wu Jian
Xom
Yredelemnul
Zin

Shops:
D:4 ?

Annotations:
D:3 exclusion: downstairs
D:5 exclusion: downstairs
D:6 Prince Ribbit
D:7 grindst0ne's ghost, novice DEEE


Innate Abilities, Weirdness & Mutations

You are resistant to damage.
You can heal yourself by infusing magical energy.
You passively map a small area around you.
You do not regenerate.


Message History

You closely miss grindst0ne's ghost.
Grindst0ne's ghost is heavily damaged.
Grindst0ne's ghost hits you but does no damage.
You hit grindst0ne's ghost but do no damage.
Grindst0ne's ghost is heavily damaged.
Grindst0ne's ghost hits you but does no damage.
You barely miss grindst0ne's ghost.
Grindst0ne's ghost is heavily damaged.
Grindst0ne's ghost barely misses you.
Grindst0ne's ghost casts a spell at you.
You block the blast of sand.
You hit grindst0ne's ghost.
Grindst0ne's ghost is severely damaged.
You hit grindst0ne's ghost.
Grindst0ne's ghost is severely damaged.
You block grindst0ne's ghost's attack.
You barely miss grindst0ne's ghost.
Grindst0ne's ghost is severely damaged.
Grindst0ne's ghost hits you.
You are electrocuted!
You die...

* *.?..
...** *
#.. * *
#..# , ,
#... ** *
** * #...
*
#...#####
** ,*
#...@W..#
#...###<#
#..#* #.#
* #..
*#.# *
#., , ..#
#. * #.#
* , * #
#W# * ,
#.# * #.#
,


You could see grindst0ne's ghost.

Vanquished Creatures
  Duvessa (D:6)
  An ogre (D:3)
  A centaur (D:5)
  Blork the orc (D:4)
  A bullfrog (D:7)
  Dowan (D:6)
  2 scorpions (D:5)
  2 howler monkeys
  2 crimson imps (D:5)
  A centaur skeleton (D:4)
  4 hounds
  An orc priest (D:4)
  5 orc wizards
  2 bullfrog skeletons
  3 worker ants
  A howler monkey zombie (D:6)
  A gnoll (D:1)
  7 adders
  A howler monkey skeleton (D:4)
  A shadow imp (D:5)
  3 oozes
  2 adder skeletons
  7 worms
  3 dart slugs (D:6)
  3 leopard geckos
  16 orcs
  2 ball pythons
  4 giant cockroaches
  A goblin (D:1)
  7 hobgoblins
  10 jackals
  A quokka (D:4)
  6 bats
  5 frilled lizards
  7 kobolds
  8 rats
124 creatures vanquished.

Vanquished Creatures (others)
  An orc wizard (D:4)
1 creature vanquished.

Grand Total: 125 creatures vanquished

Notes
Turn   | Place    | Note
-------+----------+-------------------------------------------
     0 | D:1      | lilbarb the Deep Dwarf Fighter began the quest for the Orb.
     0 | D:1      | Reached XP level 1. HP: 20/20 MP: 1/1
    74 | D:1      | Reached skill level 2 in Polearms
   289 | D:1      | Reached XP level 2. HP: 27/27 MP: 2/2
   776 | D:2      | Reached XP level 3. HP: 26/34 MP: 3/3
   854 | D:2      | Found an ancient bone altar of Kikubaaqudgha.
   858 | D:2      | Found a shadowy altar of Dithmenos.
   858 | D:2      | Found a burning altar of Makhleb.
   865 | D:2      | Became a worshipper of Makhleb the Destroyer
   878 | D:2      | Found a shattered altar of Ashenzari.
   890 | D:2      | Found a glowing silver altar of Zin.
   975 | D:2      | Reached skill level 3 in Polearms
  1092 | D:2      | Reached XP level 4. HP: 32/42 MP: 4/4
  1748 | D:3      | Reached skill level 1 in Invocations
  1777 | D:3      | Reached * piety under Makhleb
  1804 | D:3      | Reached XP level 5. HP: 28/49 MP: 4/6
  1916 | D:3      | Found a basalt altar of Yredelemnul.
  1916 | D:3      | Found an ornate altar of the Wu Jian Council.
  2338 | D:3      | Found a deep blue altar of Sif Muna.
  2341 | D:3      | Found a shimmering altar of Xom.
  2527 | D:4      | Reached skill level 4 in Polearms
  2718 | D:4      | Noticed Blork the orc
  2723 | D:4      | Noticed an ogre
  2770 | D:3      | Killed an ogre
  2770 | D:3      | Reached XP level 6. HP: 12/57 MP: 8/8
  2829 | D:4      | Found a staircase to the Ecumenical Temple.
  2911 | D:4      | Killed Blork the orc
  2939 | D:4      | Reached skill level 5 in Polearms
  3058 | D:4      | Reached ** piety under Makhleb
  3201 | D:4      | Found Iseufem's Magic Scroll Shop.
  3218 | D:4      | Reached XP level 7. HP: 28/66 MP: 10/10
  3598 | D:5      | Entered Level 5 of the Dungeon
  3990 | D:5      | Reached skill level 6 in Polearms
  3990 | D:5      | Reached skill level 5 in Invocations
  4198 | D:5      | Reached skill level 5 in Fighting
  4240 | D:5      | Upgraded the game from 0.22-a0-283-g1871b15 to 0.22-a0-284-g99d1f74
  4311 | D:5      | Reached XP level 8. HP: 13/74 MP: 12/12
  4544 | D:6      | Noticed Prince Ribbit
  4637 | D:6      | Noticed Dowan
  4638 | D:6      | Noticed Duvessa
  4649 | D:6      | Killed Duvessa
  4654 | D:6      | Killed Dowan
  4711 | D:6      | Reached skill level 7 in Polearms
  4714 | D:7      | Noticed grindst0ne's ghost (novice DEEE)
  4746 | D:7      | Slain by grindst0ne's ghost

Vault maps used:
D:1:      minmay_arrival_doors
D:2:      minmay_overflow_temple_star_hex
D:3:      nicolae_overflow_hidden_temple, serial_bayou_lake_a, uniq_natasha
D:4:      minmay_temple_entry_hall, first_ration, serial_shops, shop,
          serial_park, serial_park_square1, serial_park_avenue1,
          serial_park_avenue1, uniq_blork_the_orc
D:6:      kennysheep_slugbush, lemuel_flamethrower_2, uniq_prince_ribbit1,
          uniq_pikel, uniq_duvessa
D:7:      enter_bailey_2

Skill      XL: |  1  2  3  4  5  6  7  8 |
---------------+-------------------------+-----
Polearms       | 2 3 4 5 6 7 |  7.1
Fighting       | 3 4 5 |  5.5
Invocations    | 1 3 4 5 6 |  6.2
Armour         | |  3.2
Shields        | |  3.2

Action                   |  1- 3 |  4- 6 |  7- 9 || total
-------------------------+-------+-------+-------++-------
Melee: Trident           |    85 |   223 |   188 ||   496
Throw: Tomahawk          |       |       |     6 ||     6
Invok: Minor Destruction |       |       |    13 ||    13
 Abil: Heal Wounds       |       |     1 |     3 ||     4
Evoke: Wand              |       |     4 |    10 ||    14
  Use: Scroll            |       |       |     1 ||     1
       Potion            |       |       |     1 ||     1
 Stab: Paralysed         |       |    17 |       ||    17
  Eat: Chunk             |     1 |     7 |     5 ||    13
Armor: Scale mail        |     6 |       |       ||     6
       Ring mail         |     9 |    46 |    72 ||   127
Dodge: Dodged            |     5 |    42 |    28 ||    75
Block: Shield            |    23 |    73 |    68 ||   164

Table legend:
 A = Spawn XP
 B = Non-spawn XP
 C = Spawn XP percentage of total XP
 D = Spawn monster count
 E = Non-spawn monster count
 F = Spawn count percentage of total count
 G = Total turns spent on level
                    A         B        C        D         E        F      G
               +---------+---------+-------+---------+---------+-------+---------
         Total |       0 |    2022 |   0.0 |       0 |     125 |   0.0 |  4746
               +---------+---------+-------+---------+---------+-------+---------
           D:1 |       0 |      38 |   0.0 |       0 |      17 |   0.0 |   768
           D:2 |       0 |      82 |   0.0 |       0 |      24 |   0.0 |   754
           D:3 |       0 |     302 |   0.0 |       0 |      27 |   0.0 |  1097
           D:4 |       0 |     464 |   0.0 |       0 |      25 |   0.0 |   979
           D:5 |       0 |     667 |   0.0 |       0 |      22 |   0.0 |   988
           D:6 |       0 |     373 |   0.0 |       0 |       9 |   0.0 |   128
           D:7 |       0 |      96 |   0.0 |       0 |       1 |   0.0 |    32
               +---------+---------+-------+---------+---------+-------+---------
